[Event "VII Sunway Sitges Open 2020"]
[Site "Sitges"]
[Date "2020.12.13"]
[Round "1.25"]
[White "Asis Gargatagli, Hipolito"]
[Black "Maloberti, David"]
[Result "1-0"]
[ECO "C18"]
[WhiteElo "2470"]
[BlackElo "2076"]
[Annotator "ChessBase"]
[PlyCount "46"]
[EventDate "2020.12.13"]
[EventType "swiss"]
[EventCountry "ESP"]
[SourceTitle "playchess.com"]
[Source "ChessBase"]
[SourceQuality "1"]
[TimeControl "40/5400+30:1800+30"]

1. e4 e6 2. d4 d5 3. Nc3 Bb4 4. e5 c5 5. a3 Bxc3+ 6. bxc3 Qa5 7. Bd2 Qa4 8. Qg4 Kf8 9. h4 Nc6 10. h5 h6 11. Qd1 b6 12. Nf3 Ba6 13. Bxa6 Qxa6 14. dxc5 bxc5 15. Qe2 Qb6 16. O-O Rb8 17. c4 Nge7 18. cxd5 exd5 19. e6 f5 20. Ne5 Qb5 21. Nd7+ Kg8 22. c4 Nd4 23. Qe5 Qb2 1-0

[Event "VII Sunway Sitges Open 2020"]
[Site "Sitges"]
[Date "2020.12.13"]
[Round "1.29"]
[White "Sismeiro, Miguel"]
[Black "Svoboda, Vaclav"]
[Result "0-1"]
[ECO "B32"]
[WhiteElo "2035"]
[BlackElo "2407"]
[Annotator "ChessBase"]
[PlyCount "68"]
[EventDate "2020.12.13"]
[EventType "swiss"]
[EventCountry "ESP"]
[SourceTitle "playchess.com"]
[Source "ChessBase"]
[SourceQuality "1"]
[TimeControl "40/5400+30:1800+30"]

1. e4 c5 2. Nf3 Nc6 3. d4 cxd4 4. Nxd4 Qc7 5. c4 Nf6 6. Nc3 Nxe4 7. Nxe4 Qe5 8. Nxc6 Qxe4+ 9. Be2 Qxc6 10. O-O e6 11. Qd4 d6 12. Bf3 Qc7 13. Bg5 h6 14. Be3 Bd7 15. b4 Bc6 16. Be2 e5 17. Qg4 g6 18. f4 h5 19. Qh3 f5 20. b5 Be4 21. Bf3 Bxf3 22. Qxf3 e4 23. Qd1 Bg7 24. Rc1 O-O 25. c5 dxc5 26. Rxc5 Qf7 27. Qa4 Rfd8 28. Rfc1 Rd7 29. Rc8+ Rxc8 30. Rxc8+ Kh7 31. Qxa7 Rd1+ 32. Kf2 Ra1 33. Rc2 Qd5 34. Kg3 Qxb5 0-1

[Event "VII Sunway Sitges Open 2020"]
[Site "Sitges"]
[Date "2020.12.14"]
[Round "2.12"]
[White "Krysa, Leandro"]
[Black "Garcia Ramos, Daniel"]
[Result "1-0"]
[ECO "D43"]
[WhiteElo "2531"]
[BlackElo "2380"]
[Annotator "RC"]
[PlyCount "69"]
[EventDate "2020.12.13"]
[EventType "swiss"]
[EventCountry "ESP"]
[SourceTitle "playchess.com"]
[Source "ChessBase"]
[SourceQuality "1"]
[TimeControl "40/5400+30:1800+30"]

1. Nf3 Nf6 2. c4 c6 3. Nc3 d5 4. d4 e6 5. Bg5 h6 6. Bxf6 Qxf6 7. Qb3 Nd7 8. e4 dxe4 9. Nxe4 Qf4 10. Bd3 e5 11. O-O Be7 12. Rae1 exd4 13. Bb1 O-O 14. Ng3 Nc5 15. Qc2 d3 16. Qd1 Bg5 17. b4 d2 18. Re3 Ne6 19. Qc2 Rd8 20. Qh7+ Kf8 21. Rd1 g6 22. Nxg5 Qxg5 23. Rf3 Nf4 24. h4 Qxh4 25. Qh8+ Ke7 26. Qe5+ Ne6 27. Ne4 f5 28. g3 Qg4 29. Qf6+ Ke8 30. Rxd2 Qxf3 31. Qxg6+ Ke7 32. Qf6+ Ke8 33. Rxd8+ Nxd8 34. Nd6+ Kd7 35. Bxf5+ 1-0

[Event "VII Sunway Sitges Open 2020"]
[Site "Sitges"]
[Date "2020.12.14"]
[Round "2.18"]
[White "Flom, Gabriel"]
[Black "Toncheva, Nadya"]
[Result "1/2-1/2"]
[ECO "D20"]
[WhiteElo "2499"]
[BlackElo "2321"]
[Annotator "RC"]
[PlyCount "150"]
[EventDate "2020.12.13"]
[EventType "swiss"]
[EventCountry "ESP"]
[SourceTitle "playchess.com"]
[Source "ChessBase"]
[SourceQuality "1"]
[TimeControl "40/5400+30:1800+30"]

1. d4 d5 2. c4 dxc4 3. e4 e5 4. Nf3 Bb4+ 5. Bd2 Bxd2+ 6. Qxd2 exd4 7. Nxd4 Ne7 8. Nc3 O-O 9. Bxc4 c5 10. Ndb5 Qxd2+ 11. Kxd2 Nbc6 12. Ke3 a6 13. Nc7 Rb8 14. Rac1 b5 15. Be2 Bb7 16. N3d5 c4 17. b3 cxb3 18. axb3 Nxd5+ 19. Nxd5 Rfe8 20. Nc7 Re7 21. Nd5 Ree8 22. Rhd1 Ne7 23. Nxe7+ Rxe7 24. f3 Rbe8 25. Rd4 f5 26. Rc5 fxe4 27. f4 g6 28. h4 Kg7 29. g3 Rf8 30. Bg4 Rf6 31. b4 Bc6 32. Rd8 Be8 33. Re5 Kf7 34. h5 a5 35. bxa5 Ra6 36. h6 Rxa5 37. Be6+ Rxe6 38. Rxe6 Kxe6 39. Rxe8+ Kf6 40. g4 Ra7 41. Rb8 Ra3+ 42. Kxe4 Ra4+ 43. Kf3 Ra3+ 44. Kg2 Ra2+ 45. Kg3 Ra3+ 46. Kh4 Ra4 47. Rb6+ Kf7 48. Kg5 Ra8 49. Rb7+ Kg8 50. f5 gxf5 51. gxf5 b4 52. Rxb4 Kf7 53. Rb7+ Kg8 54. Kf6 Rf8+ 55. Ke6 Re8+ 56. Re7 Ra8 57. Rg7+ Kh8 58. Rd7 Kg8 59. f6 Re8+ 60. Kf5 Ra8 61. Rg7+ Kh8 62. Re7 Kg8 63. Rc7 Rb8 64. Ke6 Re8+ 65. Re7 Ra8 66. Rd7 Re8+ 67. Kd6 Rf8 68. Ke5 Re8+ 69. Kf5 Ra8 70. Rb7 Rc8 71. Ra7 Rb8 72. Re7 Rb5+ 73. Ke4 Rb4+ 74. Kd5 Rb5+ 75. Kc6 Rf5 1/2-1/2

[Event "VII Sunway Sitges Open 2020"]
[Site "Sitges"]
[Date "2020.12.14"]
[Round "2.22"]
[White "Niemann, Hans Moke"]
[Black "Dalaud, Dorian"]
[Result "1-0"]
[ECO "D37"]
[WhiteElo "2472"]
[BlackElo "2291"]
[Annotator "RC"]
[PlyCount "119"]
[EventDate "2020.12.13"]
[EventType "swiss"]
[EventCountry "ESP"]
[SourceTitle "playchess.com"]
[Source "ChessBase"]
[SourceQuality "1"]
[TimeControl "40/5400+30:1800+30"]

1. Nf3 d5 2. d4 Nf6 3. c4 e6 4. Nc3 dxc4 5. g3 Be7 6. Bg2 O-O 7. Ne5 Nc6 8. Bxc6 bxc6 9. Nxc6 Qe8 10. Nxe7+ Qxe7 11. Qa4 Bb7 12. f3 c5 13. Qa3 Nd5 14. Qxc5 Qxc5 15. dxc5 Nb4 16. Kf2 Rfc8 17. Be3 Nc2 18. Rad1 Nxe3 19. Kxe3 Rxc5 20. Rd7 Rb8 21. Rhd1 Kf8 22. Rd8+ Rxd8 23. Rxd8+ Ke7 24. Rb8 Ba6 25. Kd4 Ra5 26. f4 Kf6 27. e4 Kg6 28. h3 h5 29. g4 hxg4 30. hxg4 f6 31. e5 fxe5+ 32. fxe5 Kg5 33. Rg8 Kg6 34. Re8 Kf7 35. Rb8 Kg6 36. a3 Kf7 37. g5 Kg6 38. Re8 Kf7 39. Rd8 Ke7 40. Ra8 Bb7 41. Rb8 Bf3 42. g6 Bh5 43. Rg8 Bxg6 44. Rxg7+ Bf7 45. Rg5 Kd7 46. Kxc4 Kc6 47. a4 Rc5+ 48. Kd4 Kb6 49. Rg7 Bh5 50. Rb7+ Kxb7 51. Kxc5 Bg4 52. b4 a6 53. a5 Kc7 54. Ne4 Bd1 55. Nd6 Ba4 56. b5 axb5 57. a6 Bd1 58. Nxb5+ Kd7 59. Kb6 Ke7 60. Nd4 1-0

[Event "VII Sunway Sitges Open 2020"]
[Site "Sitges"]
[Date "2020.12.14"]
[Round "2.23"]
[White "Peycheva, Gergana"]
[Black "Asis Gargatagli, Hipolito"]
[Result "1/2-1/2"]
[ECO "A41"]
[WhiteElo "2257"]
[BlackElo "2470"]
[Annotator "RC"]
[PlyCount "67"]
[EventDate "2020.12.13"]
[EventType "swiss"]
[EventCountry "ESP"]
[SourceTitle "playchess.com"]
[Source "ChessBase"]
[SourceQuality "1"]
[TimeControl "40/5400+30:1800+30"]

1. d4 d6 2. c4 f5 3. Nc3 Nf6 4. Bg5 Nbd7 5. Qc2 e6 6. e4 fxe4 7. Nxe4 Be7 8. Bd3 Nxe4 9. Bxe7 Qxe7 10. Bxe4 Nf6 11. Bd3 e5 12. dxe5 dxe5 13. f3 Be6 14. O-O-O O-O-O 15. Ne2 Qc5 16. Bf5 Bxf5 17. Qxf5+ Kb8 18. Nc3 a6 19. Rhe1 Qxc4 20. Qxe5 Rhe8 21. Qg5 Rxe1 22. Rxe1 Rd7 23. Rd1 Re7 24. Kb1 h6 25. Qg6 Qg8 26. Qf5 Qe8 27. a3 Re5 28. Qd3 Re1 29. Rxe1 Qxe1+ 30. Ka2 Qe6+ 31. Ka1 Qe1+ 32. Ka2 Qe6+ 33. Ka1 Qe1+ 34. Qd1 1/2-1/2

[Event "VII Sunway Sitges Open 2020"]
[Site "Sitges"]
[Date "2020.12.14"]
[Round "2.24"]
[White "Sochacki, Christophe"]
[Black "Ortega Serra, Marc"]
[Result "1/2-1/2"]
[ECO "B30"]
[WhiteElo "2469"]
[BlackElo "2288"]
[Annotator "RC"]
[PlyCount "60"]
[EventDate "2020.12.13"]
[EventType "swiss"]
[EventCountry "ESP"]
[SourceTitle "playchess.com"]
[Source "ChessBase"]
[SourceQuality "1"]
[TimeControl "40/5400+30:1800+30"]

1. e4 c5 2. Nf3 Nc6 3. c3 d5 4. exd5 Qxd5 5. d4 e5 6. Nxe5 Nxe5 7. dxe5 Qxe5+ 8. Be3 Bd7 9. Nd2 Nf6 10. Nf3 Qc7 11. Qb3 Bd6 12. Bb5 O-O 13. Bxd7 Qxd7 14. O-O Qc7 15. h3 b6 16. Rfe1 Rfe8 17. Bg5 Ne4 18. Qd5 Nxg5 19. Nxg5 Bf4 20. Nf3 Rxe1+ 21. Rxe1 Rd8 22. Qe4 g6 23. Qa4 Bd6 24. Qe4 c4 25. Qh4 Bf8 26. Ng5 h6 27. Nf3 b5 28. Qe4 Qd7 29. a4 a6 30. axb5 axb5 1/2-1/2

[Event "VII Sunway Sitges Open 2020"]
[Site "Sitges"]
[Date "2020.12.14"]
[Round "2.29"]
[White "Shatil, Shir"]
[Black "Batsiashvili, Nino"]
[Result "0-1"]
[ECO "E47"]
[WhiteElo "1920"]
[BlackElo "2460"]
[Annotator "RC"]
[PlyCount "89"]
[EventDate "2020.12.13"]
[EventType "swiss"]
[EventCountry "ESP"]
[SourceTitle "playchess.com"]
[Source "ChessBase"]
[SourceQuality "1"]
[TimeControl "40/5400+30:1800+30"]

1. d4 Nf6 2. c4 e6 3. Nc3 Bb4 4. e3 O-O 5. Bd3 b6 6. Nge2 Bb7 7. a3 Be7 8. e4 d5 9. e5 Ne4 10. Qc2 Nxc3 11. Nxc3 h6 12. cxd5 exd5 13. Be3 c5 14. Ne2 Nc6 15. f4 Rc8 16. Qd2 Na5 17. f5 Bh4+ 18. g3 Bg5 19. Bxg5 Qxg5 20. Qxg5 hxg5 21. Bb5 Bc6 22. Bxc6 Nxc6 23. Rd1 cxd4 24. O-O Rfe8 25. Nxd4 Nxd4 26. Rxd4 Rxe5 27. Rf2 Rc4 28. Rxc4 dxc4 29. g4 Kf8 30. Rc2 Re4 31. h3 b5 32. Kf2 Rd4 33. Re2 Rd3 34. Kg2 Rb3 35. Kh2 a5 36. Rc2 Ke7 37. a4 Kd6 38. axb5 Kc5 39. Re2 Kxb5 40. Re5+ Kb4 41. Re2 a4 42. Kg2 f6 43. Kh2 a3 44. bxa3+ Rxa3 45. Re7 0-1

[Event "VII Sunway Sitges Open 2020"]
[Site "Sitges"]
[Date "2020.12.15"]
[Round "3.21"]
[White "Csiki, Endre"]
[Black "Siebrecht, Sebastian"]
[Result "1-0"]
[ECO "B06"]
[WhiteElo "2231"]
[BlackElo "2429"]
[Annotator "ChessBase"]
[PlyCount "75"]
[EventDate "2020.12.13"]
[EventType "swiss"]
[EventCountry "ESP"]
[SourceTitle "playchess.com"]
[Source "ChessBase"]
[SourceQuality "1"]
[TimeControl "40/5400+30:1800+30"]

1. e4 g6 2. d4 Bg7 3. Nc3 d6 4. Be3 a6 5. Nf3 Nd7 6. Qd2 h6 7. Bd3 e6 8. O-O-O b5 9. e5 d5 10. h4 Ne7 11. h5 g5 12. Nxg5 hxg5 13. Bxg5 c5 14. h6 Bf8 15. dxc5 Nxc5 16. Kb1 b4 17. Ne2 Nxd3 18. cxd3 Qb6 19. Ng3 Bb7 20. h7 d4 21. Bf6 Rxh7 22. Rxh7 Nd5 23. Ka1 b3 24. Ne4 Nb4 25. Nd6+ Bxd6 26. exd6 Qxd6 27. Qg5 Kd7 28. Rxf7+ Kc6 29. Be5 Nc2+ 30. Kb1 bxa2+ 31. Kxc2 Qc5+ 32. Kd2 Qb4+ 33. Ke2 Qxb2+ 34. Qd2 a1=Q 35. Rxa1 Qxa1 36. Qc2+ Kd5 37. Qc4+ Kxe5 38. Qc5+ 1-0

[Event "VII Sunway Sitges Open 2020"]
[Site "Sitges"]
[Date "2020.12.15"]
[Round "3.30"]
[White "Altisen Palmada, Roberto"]
[Black "Ayats Llobera, Gerard"]
[Result "*"]
[ECO "A46"]
[WhiteElo "2102"]
[BlackElo "2400"]
[Annotator "RC"]
[PlyCount "32"]
[EventDate "2020.12.13"]
[EventType "swiss"]
[EventCountry "ESP"]
[SourceTitle "playchess.com"]
[Source "ChessBase"]
[SourceQuality "1"]
[TimeControl "40/5400+30:1800+30"]

1. d4 Nf6 2. Nf3 e6 3. Bg5 c5 4. e3 Qb6 5. Qc1 Ne4 6. Bf4 Be7 7. Bd3 d5 8. c3 g5 9. Be5 f6 10. Bg3 Nd7 11. Bxe4 dxe4 12. Nfd2 f5 13. Na3 cxd4 14. cxd4 O-O 15. h4 f4 16. Bh2 Ne5 *

[Event "VII Sunway Sitges Open 2020"]
[Site "Sitges"]
[Date "2020.12.15"]
[Round "3.31"]
[White "Valenzuela Gomez, Fernando"]
[Black "Llopis de Aysa, Manuel"]
[Result "*"]
[ECO "B90"]
[WhiteElo "2390"]
[BlackElo "2093"]
[Annotator "RC"]
[PlyCount "51"]
[EventDate "2020.12.13"]
[EventType "swiss"]
[EventCountry "ESP"]
[SourceTitle "playchess.com"]
[Source "ChessBase"]
[SourceQuality "1"]
[TimeControl "40/5400+30:1800+30"]

1. e4 c5 2. Nf3 d6 3. d4 cxd4 4. Nxd4 Nf6 5. Nc3 a6 6. Be3 e5 7. Nb3 Be6 8. f3 h5 9. Nd5 Bxd5 10. exd5 Nbd7 11. Qd2 g6 12. c4 b6 13. a4 a5 14. Nc1 Bg7 15. Rb1 O-O 16. Be2 Nc5 17. Bd1 e4 18. f4 Ng4 19. O-O Nxe3 20. Qxe3 f5 21. b4 axb4 22. Rxb4 Qc7 23. Ne2 Ra6 24. Bc2 Nd3 25. Bxd3 exd3 26. Nc1 *

[Event "VII Sunway Sitges Open 2020"]
[Site "Sitges"]
[Date "2020.12.16"]
[Round "4.5"]
[White "Batsiashvili, Nino"]
[Black "Grigoryan, Karen H."]
[Result "1-0"]
[ECO "E70"]
[WhiteElo "2460"]
[BlackElo "2659"]
[Annotator "ChessBase"]
[PlyCount "115"]
[EventDate "2020.12.13"]
[EventType "swiss"]
[EventCountry "ESP"]
[SourceTitle "playchess.com"]
[Source "ChessBase"]
[SourceQuality "1"]
[TimeControl "40/5400+30:1800+30"]

1. d4 Nf6 2. c4 g6 3. Nc3 Bg7 4. e4 O-O 5. h3 c6 6. e5 Ne8 7. Nf3 d6 8. Bf4 Nd7 9. Be2 dxe5 10. dxe5 Nc7 11. Qd2 Ne6 12. Bg3 Qa5 13. Qe3 Qc5 14. Qd2 b5 15. cxb5 cxb5 16. Rc1 Qb6 17. Nd5 Qd8 18. Bxb5 Nb6 19. Bc6 Rb8 20. O-O Nxd5 21. Bxd5 Rb5 22. Rfd1 Qb6 23. Rc6 Qb8 24. Rc2 Rd8 25. Bxe6 Rxd2 26. Rcxd2 Bxe6 27. Rd8+ Bf8 28. Rxb8 Rxb8 29. b3 h6 30. Bf4 a5 31. Rd4 Ra8 32. Bd2 a4 33. Rxa4 Rxa4 34. bxa4 Bxa2 35. Bb4 e6 36. Bxf8 Kxf8 37. Nd4 Ke7 38. f4 Kd7 39. Kf2 Bc4 40. g4 Kc7 41. a5 Kb7 42. Ke3 Bf1 43. h4 Bh3 44. Nb5 Ka6 45. Nd6 Kxa5 46. Nxf7 Bxg4 47. Nxh6 Bh3 48. Kf2 Kb6 49. Kg3 Bf1 50. Kg4 Bd3 51. Kg5 Kc7 52. Kf6 Kd7 53. Nf7 Bf5 54. Nh8 Ke8 55. Nxg6 Bg4 56. Ne7 Kf8 57. Nc6 Ke8 58. Nd4 1-0

[Event "VII Sunway Sitges Open 2020"]
[Site "Sitges"]
[Date "2020.12.16"]
[Round "4.6"]
[White "Santos Latasa, Jaime"]
[Black "Gines Esteo, Pedro Antonio"]
[Result "1-0"]
[ECO "E15"]
[WhiteElo "2600"]
[BlackElo "2437"]
[Annotator "ChessBase"]
[PlyCount "81"]
[EventDate "2020.12.13"]
[EventType "swiss"]
[EventCountry "ESP"]
[SourceTitle "playchess.com"]
[Source "ChessBase"]
[SourceQuality "1"]
[TimeControl "40/5400+30:1800+30"]

1. Nf3 Nf6 2. c4 b6 3. d4 e6 4. g3 Bb4+ 5. Bd2 a5 6. Bg2 Bb7 7. O-O Bxd2 8. Qxd2 O-O 9. Qf4 d6 10. Nc3 Nbd7 11. e4 c5 12. d5 e5 13. Qd2 Ba6 14. b3 Ne8 15. Ne1 Nc7 16. a4 Bc8 17. f4 Na6 18. Nf3 Nb4 19. Rae1 f6 20. h4 Rf7 21. Kh2 Nf8 22. f5 g6 23. Bh3 Rg7 24. Nd1 gxf5 25. exf5 b5 26. axb5 a4 27. bxa4 Rxa4 28. Nc3 Ra3 29. Ra1 Rga7 30. Rxa3 Rxa3 31. Rf2 Nd7 32. Ne4 Qf8 33. Bf1 Kf7 34. g4 Ke7 35. Qc1 Rb3 36. g5 fxg5 37. Qxg5+ Nf6 38. Nfd2 Re3 39. Nxf6 Qxf6 40. Qxe3 Qxh4+ 41. Bh3 1-0

[Event "VII Sunway Sitges Open 2020"]
[Site "Sitges"]
[Date "2020.12.16"]
[Round "4.9"]
[White "Fier, Alexandr"]
[Black "Bulmaga, Irina"]
[Result "1-0"]
[ECO "B90"]
[WhiteElo "2558"]
[BlackElo "2424"]
[Annotator "ChessBase"]
[PlyCount "107"]
[EventDate "2020.12.13"]
[EventType "swiss"]
[EventCountry "ESP"]
[SourceTitle "playchess.com"]
[Source "ChessBase"]
[SourceQuality "1"]
[TimeControl "40/5400+30:1800+30"]

1. e4 c5 2. Nf3 d6 3. d4 cxd4 4. Nxd4 Nf6 5. Nc3 a6 6. f3 e5 7. Nb3 Be6 8. Be3 Be7 9. Qd2 O-O 10. O-O-O Nbd7 11. g4 b5 12. g5 Nh5 13. Kb1 Nb6 14. Na5 Rc8 15. a3 g6 16. h4 Qc7 17. Nd5 Nxd5 18. exd5 Bxd5 19. Qxd5 Qxa5 20. Bd3 Qc7 21. Rhg1 Rb8 22. Be4 a5 23. Qd3 Rfc8 24. Bd5 Qd7 25. Rdf1 b4 26. a4 Qxa4 27. f4 Qb5 28. fxe5 Qxd3 29. cxd3 Rf8 30. e6 f5 31. gxf6 Nxf6 32. Bb3 Ra8 33. Bh6 Rfc8 34. Ba4 Rc5 35. d4 Rc7 36. h5 Bf8 37. Bxf8 Rxf8 38. hxg6 h5 39. g7 Rxg7 40. e7 Rc8 41. Rh1 Rg6 42. Rxf6 Rxf6 43. e8=Q+ Rxe8 44. Bxe8 Rf4 45. Bxh5 Rxd4 46. Bd1 Kf8 47. Bb3 Ke7 48. Rh7+ Kf6 49. Ra7 Ke5 50. Rxa5+ Ke4 51. Kc2 Kf4 52. Rd5 Ke3 53. Rxd4 Kxd4 54. Bf7 1-0

[Event "VII Sunway Sitges Open 2020"]
[Site "Sitges"]
[Date "2020.12.16"]
[Round "4.11"]
[White "Krysa, Leandro"]
[Black "Carbonell Sancho, Marc"]
[Result "1/2-1/2"]
[ECO "E92"]
[WhiteElo "2531"]
[BlackElo "2274"]
[Annotator "ChessBase"]
[PlyCount "48"]
[EventDate "2020.12.13"]
[EventType "swiss"]
[EventCountry "ESP"]
[SourceTitle "playchess.com"]
[Source "ChessBase"]
[SourceQuality "1"]
[TimeControl "40/5400+30:1800+30"]

1. d4 Nf6 2. c4 g6 3. Nc3 Bg7 4. e4 d6 5. Nf3 O-O 6. Be2 e5 7. Be3 exd4 8. Nxd4 Re8 9. f3 c6 10. Bf2 Nbd7 11. O-O Qe7 12. Re1 Bh6 13. Bf1 Bg5 14. Kh1 h5 15. Qc2 h4 16. Be3 Bxe3 17. Rxe3 Nh5 18. Qd2 Ne5 19. b3 Be6 20. Rd1 Rad8 21. Qf2 Qf6 22. Kg1 a6 23. Rd2 g5 24. h3 Nf4 1/2-1/2

[Event "VII Sunway Sitges Open 2020"]
[Site "Sitges"]
[Date "2020.12.16"]
[Round "4.13"]
[White "Lagarde, Maxime"]
[Black "Esplugas Esteve, Vicenc"]
[Result "1-0"]
[ECO "C15"]
[WhiteElo "2651"]
[BlackElo "2319"]
[Annotator "ChessBase"]
[PlyCount "85"]
[EventDate "2020.12.13"]
[EventType "swiss"]
[EventCountry "ESP"]
[SourceTitle "playchess.com"]
[Source "ChessBase"]
[SourceQuality "1"]
[TimeControl "40/5400+30:1800+30"]

1. e4 e6 2. d4 d5 3. Nc3 Bb4 4. Nge2 dxe4 5. a3 Bxc3+ 6. Nxc3 Nc6 7. Bb5 Nge7 8. Bg5 f6 9. Be3 O-O 10. Qd2 f5 11. f3 a6 12. Bxc6 Nxc6 13. fxe4 e5 14. d5 Na5 15. b3 Qd6 16. Qd3 b6 17. Bc1 Qg6 18. Qg3 f4 19. Qxg6 hxg6 20. Bb2 Bd7 21. O-O-O Nb7 22. Na2 Rae8 23. Nb4 Nc5 24. Nd3 Bg4 25. Nxc5 Bxd1 26. Nd7 Bh5 27. Nxf8 Kxf8 28. h4 Bg4 29. c4 Ke7 30. Kd2 Kd6 31. b4 c5 32. Bc3 b5 33. a4 f3 34. gxf3 Bxf3 35. Ra1 bxc4 36. Ke3 Bg4 37. b5 Ra8 38. bxa6 Rxa6 39. a5 Bd7 40. Rb1 Ke7 41. Rb6 Rxb6 42. axb6 Kd6 43. Bxe5+ 1-0

[Event "VII Sunway Sitges Open 2020"]
[Site "Sitges"]
[Date "2020.12.16"]
[Round "4.14"]
[White "Msellek, Ilyass"]
[Black "Lopez Martinez, Josep Manuel"]
[Result "0-1"]
[ECO "B87"]
[WhiteElo "2316"]
[BlackElo "2542"]
[Annotator "ChessBase"]
[PlyCount "60"]
[EventDate "2020.12.13"]
[EventType "swiss"]
[EventCountry "ESP"]
[SourceTitle "playchess.com"]
[Source "ChessBase"]
[SourceQuality "1"]
[TimeControl "40/5400+30:1800+30"]

1. e4 c5 2. Nf3 d6 3. d4 cxd4 4. Nxd4 Nf6 5. Nc3 a6 6. Bc4 e6 7. Bb3 b5 8. a3 Bd7 9. g4 h6 10. h4 Nc6 11. Rg1 Nxd4 12. Qxd4 Bc6 13. Be3 Nd7 14. O-O-O Qxh4 15. g5 hxg5 16. Bxg5 Qh2 17. Nd5 Bxd5 18. Bxd5 exd5 19. Rde1 f6 20. exd5+ Kf7 21. Qg4 Nc5 22. Bxf6 Qh5 23. Re7+ Kxf6 24. Re6+ Kf7 25. Qf4+ Kg8 26. Reg6 Ra7 27. R6g5 Rf7 28. Qe3 Qh4 29. b4 Nd7 30. R1g3 Ne5 0-1

[Event "VII Sunway Sitges Open 2020"]
[Site "Sitges"]
[Date "2020.12.16"]
[Round "4.15"]
[White "Mendonca, Leon Luke"]
[Black "Boyer, Mahel"]
[Result "1/2-1/2"]
[ECO "D37"]
[WhiteElo "2516"]
[BlackElo "2307"]
[Annotator "ChessBase"]
[PlyCount "118"]
[EventDate "2020.12.13"]
[EventType "swiss"]
[EventCountry "ESP"]
[SourceTitle "playchess.com"]
[Source "ChessBase"]
[SourceQuality "1"]
[TimeControl "40/5400+30:1800+30"]

1. d4 d5 2. Nf3 Nf6 3. c4 e6 4. Nc3 h6 5. g3 Bd6 6. Bg2 O-O 7. O-O Nc6 8. Nb5 dxc4 9. Qc2 a6 10. Nxd6 cxd6 11. Qxc4 Bd7 12. Bf4 Qe7 13. Rfc1 Rfc8 14. Qb3 e5 15. dxe5 dxe5 16. Be3 Be6 17. Qa4 Bd5 18. Rd1 Qe6 19. Qa3 a5 20. Rac1 Bxa2 21. Rd6 Qb3 22. Qxb3 Bxb3 23. Nd2 Be6 24. Ne4 Ne8 25. Rdd1 Nd4 26. Bxd4 Rxc1 27. Rxc1 exd4 28. Nc5 Rc8 29. Bxb7 Rc7 30. Ba6 Bg4 31. f3 Bf5 32. Nb3 Be6 33. Nc5 Bf5 34. Nb3 Be6 35. Nc5 Bf5 36. g4 Be6 37. Nd3 Rxc1+ 38. Nxc1 Nc7 39. Bd3 Kf8 40. Kf2 Ke7 41. e3 dxe3+ 42. Kxe3 Kd6 43. Ne2 Kc5 44. Nf4 g5 45. Nxe6+ Nxe6 46. Ke4 Kb4 47. Bc2 Nc5+ 48. Kd4 Nd7 49. f4 f6 50. fxg5 fxg5 51. Ke4 Nb6 52. Kf5 Nc4 53. Kg6 Ne5+ 54. Kh5 Nf3 55. Kxh6 Nxh2 56. Kxg5 a4 57. Kf4 Nxg4 58. Kxg4 a3 59. bxa3+ Kxa3 1/2-1/2

[Event "VII Sunway Sitges Open 2020"]
[Site "Sitges"]
[Date "2020.12.16"]
[Round "4.17"]
[White "Garriga Cazorla, Pere"]
[Black "Ortega Serra, Marc"]
[Result "1/2-1/2"]
[ECO "A14"]
[WhiteElo "2487"]
[BlackElo "2288"]
[Annotator "ChessBase"]
[PlyCount "72"]
[EventDate "2020.12.13"]
[EventType "swiss"]
[EventCountry "ESP"]
[SourceTitle "playchess.com"]
[Source "ChessBase"]
[SourceQuality "1"]
[TimeControl "40/5400+30:1800+30"]

1. Nf3 Nf6 2. c4 e6 3. g3 d5 4. Bg2 Be7 5. O-O O-O 6. b3 d4 7. e3 c5 8. Ne5 Nbd7 9. exd4 cxd4 10. Nxd7 Nxd7 11. d3 e5 12. f4 exf4 13. gxf4 Rb8 14. f5 b5 15. Bf4 Rb6 16. Nd2 Nc5 17. Bg3 Nxd3 18. cxb5 Rxb5 19. f6 Bxf6 20. Ne4 Ne5 21. a4 Rb6 22. a5 Rb5 23. Nxf6+ gxf6 24. Ra4 Ng6 25. h4 Be6 26. Rxd4 Qxa5 27. b4 Rxb4 28. Rxb4 Qxb4 29. h5 Ne5 30. Rf4 Qc3 31. Bf2 Nd3 32. Bd4 Qc1 33. Qxc1 Nxc1 34. Bf1 f5 35. Bf6 h6 36. Ra4 Kh7 1/2-1/2

[Event "VII Sunway Sitges Open 2020"]
[Site "Sitges"]
[Date "2020.12.16"]
[Round "4.19"]
[White "Niemann, Hans Moke"]
[Black "Souhardo Basak"]
[Result "1-0"]
[ECO "E53"]
[WhiteElo "2472"]
[BlackElo "2216"]
[Annotator "ChessBase"]
[PlyCount "108"]
[EventDate "2020.12.13"]
[EventType "swiss"]
[EventCountry "ESP"]
[SourceTitle "playchess.com"]
[Source "ChessBase"]
[SourceQuality "1"]
[TimeControl "40/5400+30:1800+30"]

1. d4 Nf6 2. c4 e6 3. Nc3 Bb4 4. e3 O-O 5. Bd3 d5 6. Nf3 c5 7. cxd5 exd5 8. dxc5 Nbd7 9. Bd2 Nxc5 10. Be2 Ba5 11. O-O Nce4 12. Nxe4 dxe4 13. Nd4 Bxd2 14. Qxd2 Qb6 15. a3 Rd8 16. Qb4 Nd5 17. Qxb6 Nxb6 18. Rfc1 Bd7 19. Rc7 Rab8 20. Rac1 Rbc8 21. h3 a6 22. R1c2 Rb8 23. Bg4 Bxg4 24. hxg4 Nd5 25. R7c5 g6 26. Kh2 h6 27. Kg3 Rd7 28. R5c4 Kg7 29. Nb3 Nf6 30. Rc7 Rbd8 31. Rxd7 Rxd7 32. Nc5 Re7 33. b4 Ne8 34. Rd2 Kf6 35. Rd4 Nc7 36. a4 Ne6 37. Nd7+ Kg5 38. Rd5+ f5 39. f4+ exf3 40. gxf3 h5 41. f4+ Kh6 42. g5+ Kg7 43. Rd6 Nf8 44. Nxf8 Kxf8 45. Rxg6 Rxe3+ 46. Kh4 Re4 47. Rf6+ Kg7 48. Rxf5 Rxb4 49. Kxh5 Rxa4 50. g6 Rb4 51. Rf7+ Kg8 52. f5 Rb5 53. Kh6 a5 54. f6 Rb1 1-0

[Event "VII Sunway Sitges Open 2020"]
[Site "Sitges"]
[Date "2020.12.16"]
[Round "4.20"]
[White "Sochacki, Christophe"]
[Black "Hernando Rodrigo, Julio Antonio"]
[Result "1-0"]
[ECO "A45"]
[WhiteElo "2469"]
[BlackElo "2275"]
[Annotator "ChessBase"]
[PlyCount "49"]
[EventDate "2020.12.13"]
[EventType "swiss"]
[EventCountry "ESP"]
[SourceTitle "playchess.com"]
[Source "ChessBase"]
[SourceQuality "1"]
[TimeControl "40/5400+30:1800+30"]

1. d4 Nf6 2. Bg5 d5 3. e3 c5 4. Nf3 Nc6 5. c3 Bf5 6. Nbd2 e6 7. Nh4 Bg6 8. Qb3 Qb6 9. Nxg6 hxg6 10. Bf4 c4 11. Qc2 Nh5 12. Be2 Nxf4 13. exf4 Bd6 14. g3 Qc7 15. Nf3 O-O-O 16. h4 Kb8 17. Kf1 f6 18. Qxg6 Rh6 19. Qg4 Qf7 20. Rd1 b5 21. Kg2 Rg6 22. Qh3 Rh8 23. f5 exf5 24. Qxf5 Rh5 25. Ne5 1-0

[Event "VII Sunway Sitges Open 2020"]
[Site "Sitges"]
[Date "2020.12.16"]
[Round "4.21"]
[White "Ayats Llobera, Gerard"]
[Black "Exposito Amaro, Josue"]
[Result "1-0"]
[ECO "C42"]
[WhiteElo "2400"]
[BlackElo "2334"]
[Annotator "ChessBase"]
[PlyCount "41"]
[EventDate "2020.12.13"]
[EventType "swiss"]
[EventCountry "ESP"]
[SourceTitle "playchess.com"]
[Source "ChessBase"]
[SourceQuality "1"]
[TimeControl "40/5400+30:1800+30"]

1. e4 e5 2. Nf3 Nf6 3. Nxe5 d6 4. Nf3 Nxe4 5. Nc3 Nf6 6. d4 Be7 7. Bd3 h6 8. h3 b6 9. Be3 Bb7 10. Qe2 Nc6 11. a3 a6 12. Nh4 g6 13. O-O d5 14. Rfe1 Ne4 15. Nxe4 dxe4 16. Bxe4 Qd6 17. Bf4 Qd7 18. Nf3 g5 19. Bxc6 Bxc6 20. Ne5 Qe6 21. Nxc6 1-0